 Dungeon Sprint DCSS version 0.21-a0-417-g0adc95b (webtiles) character file.

6659 Kidiri the Fighter (level 10, -2/94 (97) HPs)
             Began as a White Draconian Transmuter on Nov 3, 2017.
             Was a High Priest of Wu Jian.
             Slain by a lorocyproca (36 damage)
             ... in the Dungeon (Sprint I: "Red Sonja").
             The game lasted 00:20:05 (2470 turns).

Kidiri the Fighter (White Draconian Transmuter)     Turns: 2470, Time: 00:20:06

HP:   -2/94 (97)    AC:  7    Str: 14    XL:     10   Next: 73%
MP:   0/21          EV: 17    Int: 13    God:    Wu Jian [*****.]
Gold: 177           SH:  0    Dex: 14    Spells: 3/24 levels left

rFire    . . .     SeeInvis .     - Unarmed
rCold    + . .     Gourm    .   (shield currently unavailable)
rNeg     . . .     Faith    .   (armour unavailable)
rPois    .         Spirit   .   (helmet restricted)
rElec    .         Reflect  .   (no cloak)
rCorr    .         Harm     .   (gloves currently unavailable)
MR       .....     NoTele   +   (no boots)
Stlth    ++........             (no amulet)
HPRegen  0.25/turn              (no ring)
MPRegen  0.17/turn              (no ring)

@: blade hands, glowing, heavenly storm
A: breathe frost, unfitting armour, cold resistance 1, cold-blooded, AC +7
a: Breathe Frost, End Transformation, Serpent's Lash, Heavenly Storm, Renounce
Religion


You were in the Dungeon.
You worshipped Wu Jian.
Wu Jian was extremely pleased with you.
You were not hungry.
You had blades for hands.
You visited 1 branch You collected 1075 gold pieces.
You spent 898 gold pieces at shops.

Inventory:

Hand Weapons
 c - a +0 flail
Missiles
 a - 73 arrows
 n - 43 stones (quivered)
Armour
 b - a +0 scale mail
 m - a +0 buckler
 o - a +0 pair of gloves (melded)
Wands
 e - a wand of iceblast (1/15)
Scrolls
 i - a scroll of blinking
 l - a scroll of identify {unknown}
Potions
 d - 4 potions of curing
 f - a potion of degeneration {unknown}
 g - 3 potions of magic
 h - a potion of agility {unknown}
Books
 k - a book of Transfigurations

   Spells                             Type                      Level
   a - Irradiate                      Conjuration/Transmutation    5
   b - Statue Form                    Transmutation/Earth          6
   c - Hydra Form                     Transmutation                6
   d - Dragon Form                    Transmutation                7
Comestibles
 j - a royal jelly
 p - 3 bread rations


   Skills:
 * Level 12.1 Fighting
 + Level 7.6 Dodging
 + Level 8.0 Stealth
 + Level 4.4 Shields
 * Level 11.5 Unarmed Combat
 + Level 7.5 Spellcasting
 * Level 11.3 Transmutations
 + Level 8.2 Ice Magic
 + Level 7.3 Poison Magic


You had 3 spell levels left.
You knew the following spells:

 Your Spells              Type           Power        Failure   Level  Hunger
a - Beastly Appendage     Tmut           ####..       8%          1    None
b - Sticks to Snakes      Tmut           ####....     9%          2    #......
c - Spider Form           Tmut/Pois      ####......   14%         3    ##.....
d - Ice Form              Ice/Tmut       ####....     24%         4    ####...
e - Blade Hands           Tmut           ####......   28%         5    ######.
f - Hydra Form            Tmut           ####......   63%         6    #######


Dungeon Overview and Level Annotations

Branches:
Dungeon (1/1)

Altars:
Cheibriados
Dithmenos
Elyvilon
Fedhas
Gozag
Hepliaklqana
Kikubaaqudgha
Makhleb
Nemelex Xobeh
Okawaru
Qazlal
Ru
Sif Muna
Trog
Uskayaw
Vehumet
Wu Jian
Xom
Yredelemnul
Zin
The Shining One
Jiyva
Lugonu

Shops:
D :%?:(*(=[:*?[}:[?

Annotations:
D exclusion: 8 doors


Innate Abilities, Weirdness & Mutations

You can breathe waves of freezing cold.
You can buffet flying creatures when you breathe cold.
Your icy white scales are hard. (AC +7)
You cannot fit into any form of body armour.
Your flesh is cold resistant. (rC+)
You are cold-blooded and may be slowed by cold attacks.


Message History

A closed door.
Reduced exclusion size to a single square.
Removed exclusion.
You hear a chilling moan.
Found 54 gold pieces.
Found a hand axe and 162 gold pieces.
You close the large door.
Something hits you!!
You feel your power leaking away.
Deactivating autopickup; reactivate with Ctrl-A.
The air is filled with shimmering golden clouds!
Sifu Gene Jian Bin says: The storm will not cease as long as you keep fighting, disciple!
A lorocyproca comes into view.
The lorocyproca hits you!!
You feel your power leaking away.
Unknown command.
You spin and attack the lorocyproca.
You slash the lorocyproca!
Your tail-slap misses the lorocyproca.
The lorocyproca is moderately wounded.
The lorocyproca hits you!!!
You die...

#############
__#..'...#..#
..'..#...##+# ###
__####...'..# #(###
###§§#####..+ #'#$###
≈§≈§§#..##'####§§§#y#
§§§§§+..#.....#§§§###
§§§§.#..#...§^+§@§§$#
#+#####+###^§§#§§2§.#
...§###.+.#.§§###++##
#+###.###.#§§## .##
....+.∩##§#§§# $$
#########.##+# )$#
#.##.# $$$ +.####


$$$$ +++######§# $$$# You could see a lorocyproca (invisible) and a meliai.

Vanquished Creatures
  2 centaur warriors (D)
  Sonja (D)
  A deep troll (D)
  An oklob plant (D)
  A gargoyle (D)
  2 kobold demonologists (D)
  4 demonic crawlers (D)
  A hornet (D)
  A slime creature (D)
  2 redbacks (D)
  Sigmund (D)
  A yak (D)
  2 floating eyes (D)
  7 necrophages (D)
  An ogre (D)
  8 jellies (D)
  Ijyb (D)
  2 ballistomycetes (D)
39 creatures vanquished.

Vanquished Creatures (others)
  A gargoyle (D)
  2 ballistomycete spores (D)
3 creatures vanquished.

Grand Total: 42 creatures vanquished

Notes
Turn   | Place    | Note
-------+----------+-------------------------------------------
     0 | D        | Kidiri the Draconian Transmuter began the quest for the Orb.
     0 | D        | Reached XP level 1. HP: 16/16 MP: 3/3
     3 | D        | Noticed Ijyb
     9 | D        | Killed Ijyb
     9 | D        | Reached skill level 3 in Fighting
     9 | D        | Reached skill level 1 in Stealth
     9 | D        | Reached XP level 2. HP: 26/26 MP: 2/5
    62 | D        | Learned a level 2 spell: Sticks to Snakes
    67 | D        | Noticed an ogre
    74 | D        | Killed an ogre
    74 | D        | Reached skill level 4 in Fighting
    74 | D        | Reached skill level 5 in Unarmed Combat
    74 | D        | Reached XP level 3. HP: 28/34 MP: 0/7
    74 | D        | Reached XP level 4. HP: 34/41 MP: 0/8
    79 | D        | Learned a level 3 spell: Spider Form
   245 | D        | Noticed Sigmund
   252 | D        | Killed Sigmund
   252 | D        | Reached skill level 6 in Fighting
   252 | D        | Reached skill level 5 in Transmutations
   252 | D        | Reached XP level 5. HP: 34/50 MP: 6/11
   262 | D        | Learned a level 4 spell: Ice Form
   353 | D        | Found an ornate altar of the Wu Jian Council.
   353 | D        | Found a deep blue altar of Sif Muna.
   355 | D        | Found a radiant altar of Vehumet.
   363 | D        | Reached XP level 6. HP: 42/57 MP: 9/12
   364 | D        | Became a worshipper of the Wu Jian Council
   412 | D        | Found Adim's Food Emporium.
   412 | D        | Found an ancient bone altar of Kikubaaqudgha.
   412 | D        | Found a hazy altar of Hepliaklqana.
   412 | D        | Found a stormy altar of Qazlal.
   412 | D        | Found a hide-covered altar of Uskayaw.
   412 | D        | Found a blossoming altar of Fedhas.
   412 | D        | Found a bloodstained altar of Trog.
   412 | D        | Found an iron altar of Okawaru.
   412 | D        | Found a basalt altar of Yredelemnul.
   412 | D        | Found a glowing golden altar of the Shining One.
   412 | D        | Found a snail-covered altar of Cheibriados.
   412 | D        | Found a sacrificial altar of Ru.
   412 | D        | Found a glowing silver altar of Zin.
   412 | D        | Found a shadowy altar of Dithmenos.
   412 | D        | Found a white marble altar of Elyvilon.
   412 | D        | Noticed a yak
   413 | D        | Found an opulent altar of Gozag.
   418 | D        | Killed a yak
   418 | D        | Reached skill level 7 in Fighting
   418 | D        | Reached skill level 1 in Ice Magic
   419 | D        | Found a sparkling altar of Nemelex Xobeh.
   441 | D        | Found a burning altar of Makhleb.
   441 | D        | Found a viscous altar of Jiyva.
   441 | D        | Found a shimmering altar of Xom.
   441 | D        | Found a corrupted altar of Lugonu.
   441 | D        | Noticed a slime creature
   451 | D        | Killed a slime creature
   451 | D        | Your scales start taking on an icy white colour.
   451 | D        | Reached XP level 7. HP: 64/67 MP: 10/14
   451 | D        | Gained mutation: Your flesh is cold resistant. (rC+) [White Draconian growth]
   473 | D        | Learned a level 5 spell: Blade Hands
   621 | D        | Noticed a kobold demonologist
   622 | D        | Noticed a kobold demonologist
   624 | D        | Reached * piety under Wu Jian
   624 | D        | Reached skill level 8 in Fighting
   624 | D        | Reached skill level 5 in Spellcasting
   626 | D        | Killed a kobold demonologist
   626 | D        | Reached skill level 5 in Dodging
   626 | D        | Reached skill level 5 in Stealth
   626 | D        | Killed a kobold demonologist
   626 | D        | Reached XP level 8. HP: 76/77 MP: 9/16
   675 | D        | Noticed Sonja
   688 | D        | Killed Sonja
   688 | D        | Reached ** piety under Wu Jian
   688 | D        | Reached skill level 9 in Fighting
   688 | D        | Reached skill level 5 in Ice Magic
   688 | D        | Reached skill level 5 in Poison Magic
   983 | D        | Found Exkawk's Book Boutique.
  1036 | D        | Noticed a deep troll
  1044 | D        | Killed a gargoyle
  1045 | D        | Killed a deep troll
  1045 | D        | Reached skill level 10 in Fighting
  1045 | D        | Reached XP level 9. HP: 51/85 MP: 12/18
  1060 | D        | Found Raisogga's Armour Emporium.
  1064 | D        | Bought a +0 buckler for 45 gold pieces
  1064 | D        | Bought a +0 pair of gloves for 45 gold pieces
  1189 | D        | Noticed a centaur warrior
  1189 | D        | Noticed a centaur warrior
  1192 | D        | Killed a centaur warrior
  1192 | D        | Reached skill level 1 in Shields
  1192 | D        | Reached skill level 10 in Unarmed Combat
  1192 | D        | Reached skill level 10 in Transmutations
  1195 | D        | Killed a centaur warrior
  1440 | D        | Reached *** piety under Wu Jian
  1440 | D        | Reached skill level 11 in Fighting
  1453 | D        | Noticed an oklob plant
  1454 | D        | Killed an oklob plant
  1454 | D        | Reached XP level 10. HP: 96/96 MP: 16/20
  1545 | D        | Reached **** piety under Wu Jian
  1573 | D        | Reached ***** piety under Wu Jian
  1737 | D        | Found Uclat's Book Shoppe.
  1737 | D        | Found Piygiann's Magic Scroll Shop.
  1737 | D        | Found Jyery's Antique Weapon Boutique.
  1739 | D        | Found Wasmil's Assorted Antiques.
  1739 | D        | Found Xakhlovuepp's Antique Weapon Shop.
  1739 | D        | Found Etzoul's Jewellery Shoppe.
  1739 | D        | Found Buril's Armour Boutique.
  1739 | D        | Found Rizucwak's Book Emporium.
  1739 | D        | Found Quudgh's Assorted Antiques.
  1739 | D        | Found Xadeh's Magic Scroll Shoppe.
  1743 | D        | Found Doxzivan's Armour Boutique.
  1744 | D        | Bought a murky golden potion for 21 gold pieces
  1744 | D        | Bought a potion of curing for 72 gold pieces
  1744 | D        | Found Utoir's Book Emporium.
  1744 | D        | Found Jebops's Gadget Boutique.
  1745 | D        | Found Vytror's Magic Scroll Emporium.
  1934 | D        | Bought a book of Transfigurations for 715 gold pieces
  1941 | D        | Learned a level 6 spell: Hydra Form
  2028 | D        | Reached ****** piety under Wu Jian
  2030 | D        | Reached skill level 12 in Fighting
  2294 | D        | Noticed a gargoyle
  2300 | D        | Killed a gargoyle
  2469 | D        | Noticed a lorocyproca
  2470 | D        | Slain by a lorocyproca

Vault maps used:
D:        dungeon_sprint_1

Skill      XL: |  1  2  3  4  5  6  7  8  9 10 |
---------------+-------------------------------+-----
Fighting       | 3 4 6 7 8 10 11 12 | 12.1
Dodging        | 2 3 4 5 6 7 |  7.6
Stealth        | 1 2 3 4 5 6 7 8 |  8.0
Unarmed Combat | 4 5 6 7 8 9 10 11 | 11.5
Transmutations | 3 4 5 6 7 8 9 10 11 | 11.3
Spellcasting   | 3 4 5 6 7 |  7.5
Poison Magic   | 2 3 4 5 6 7 |  7.3
Ice Magic      | 3 4 6 7 8 |  8.2
Shields        | 3 4 |  4.4

Action                   |  1- 3 |  4- 6 |  7- 9 | 10-12 || total
-------------------------+-------+-------+-------+-------++-------
Melee: Unarmed           |     9 |    25 |    27 |    53 ||   114
       Kick              |     3 |       |       |       ||     3
       Tailslap          |       |       |     1 |     4 ||     5
 Cast: Beastly Appendage |     2 |       |       |       ||     2
       Sticks to Snakes  |     2 |       |       |       ||     2
       Spider Form       |       |     4 |       |       ||     4
       Blade Hands       |       |       |     4 |     6 ||    10
       Ice Form          |       |       |     1 |     1 ||     2
       Hydra Form        |       |       |       |     1 ||     1
Invok: Serpent's Lash    |       |       |       |     1 ||     1
       Heavenly Storm    |       |       |       |     1 ||     1
  Use: Potion            |     1 |       |     2 |       ||     3
 Stab: Sleeping          |       |     1 |     4 |     8 ||    13
  Eat: Bread ration      |       |       |     1 |       ||     1
       Fruit             |       |       |       |     4 ||     4
       Meat ration       |       |       |       |     1 ||     1
Armor: Skin              |       |       |    10 |     6 ||    16
Dodge: Dodged            |     6 |    18 |    14 |    24 ||    62

Table legend:
 A = Spawn XP
 B = Non-spawn XP
 C = Spawn XP percentage of total XP
 D = Spawn monster count
 E = Non-spawn monster count
 F = Spawn count percentage of total count
 G = Total turns spent on level
                    A         B        C        D         E        F      G
               +---------+---------+-------+---------+---------+-------+---------
         Total |       0 |    9514 |   0.0 |       0 |      37 |   0.0 |  2470
               +---------+---------+-------+---------+---------+-------+---------
             D |       0 |    9514 |   0.0 |       0 |      37 |   0.0 |  2470
               +---------+---------+-------+---------+---------+-------+---------
